 Dungeon Crawl Stone Soup version 0.31-a0-981-geadf994542 (webtiles) character file.

Game seed: 249922258882095093

104397 Gargoyl the Severer (level 16, -3/89 HPs)
             Began as a Gargoyle Berserker on Nov 1, 2023.
             Was a Priest of Trog.
             Slain by a bone dragon (6 damage)
             ... on level 3 of the Abyss.
             The game lasted 00:35:41 (24869 turns).

Gargoyl the Severer (Gargoyle Berserker)           Turns: 24869, Time: 00:35:41

Health: -3/89      AC: 39    Str: 19 (20) XL:     16   Next: 38%
Magic:  16/16      EV: 16    Int:  6 (7)  God:    Trog [***...]
Gold:   1413       SH:  5    Dex: 10 (11) Spells: 15/15 levels left

rFire   + + .        a - +8 hand axe (vamp)
rCold   . . .        (no shield)
rNeg    + . .        x - +2 chain mail {rF+}
rPois   ∞            j - +1 helmet
rElec   +            h - +0 cloak
rCorr   .            g - +2 pair of gloves
SInv    +            S - +1 pair of boots
Will    +++..        J - amulet of reflection Stlth
                     o - +5 ring of evasion
HPRegen 1.34/turn    D - ring of see invisible
MPRegen 0.15/turn

%: reflection
@: strong-willed, on berserk cooldown, flying, regenerating, studying Stealth,
unable to read, unable to drink
A: sickness immunity, AC +12, big wings, negative energy resistance 1,
electricity resistance, torment resistance 1, petrification resistance,
iridescent scales 1, deterioration 1, fire resistance 1, subdued magic 1,
[clumsy 2], [dopey 1], [frail 2], [weak 1], [inability to drink after injury 1],
[inability to read after injury 2]
a: Renounce Religion, Berserk, Trog's Hand


You were on level 3 of the Abyss.
You worshipped Trog.
Trog was most pleased with you.
You visited 2 branches of the dungeon, and saw 20 of its levels.
You visited the Abyss 1 time.
You also visited: Ossuary and Gauntlet.

You collected 1876 gold pieces.
You spent 463 gold pieces at shops.

Inventory:

Hand Weapons
 a - a +8 vampiric hand axe (weapon)
 K - a +2 war axe
 R - a +5 broad axe of flaming
Missiles
 e - 17 curare-tipped darts (quivered)
 i - 59 poisoned darts
 s - 5 throwing nets
Armour
 g - a +2 pair of gloves (worn)
 h - a +0 cloak (worn)
 j - a +1 helmet (worn)
 x - a +2 chain mail of fire resistance (worn)
 S - a +1 pair of boots (worn)
Jewellery
 o - a +5 ring of evasion (left hand)
 D - a ring of see invisible (right hand)
 J - an amulet of reflection (around neck)
 T - a +6 ring of strength
Wands
 c - a wand of quicksilver (22)
 E - a wand of digging (9)
 H - a wand of flame (24)
 M - a wand of iceblast (22)
 N - a wand of mindburst (27)
 P - a wand of polymorph (7)
 Q - a wand of paralysis (14)
Scrolls
 t - 3 scrolls of summoning
 y - 2 scrolls of identify
 z - 4 scrolls of vulnerability
 A - 10 scrolls of teleportation
 B - 2 scrolls of fear
 C - 11 scrolls of blinking
 I - 5 scrolls of poison
 L - 2 scrolls of immolation
 W - a scroll of fog
Potions
 b - 4 potions of berserk rage
 d - 6 potions of curing
 f - 2 potions of mutation
 k - a potion of ambrosia
 l - 2 potions of cancellation
 m - 3 potions of heal wounds
 n - 3 potions of haste
 p - 5 potions of invisibility {unknown}
 r - 8 potions of might {unknown}
 u - 3 potions of lignification {unknown}
 v - 2 potions of magic {unknown}
 w - 4 potions of attraction {unknown}
 F - a potion of resistance {unknown}
 G - 7 potions of degeneration {unknown}
 O - 2 potions of enlightenment {unknown}


   Skills:
 + Level 16.9 Fighting
 + Level 18.4(18.5) Axes
 + Level 2.8(12.4) Polearms
 + Level 14.6 Armour
 + Level 7.6 Dodging
 + Level 4.4 Stealth
 + Level 6.6 Shields


You had 15 spell levels left.
You didn't know any spells.
Your spell library was empty.

Dungeon Overview and Level Annotations

Branches:
Dungeon (15/15)            Temple (0/1) D:7            Lair (5/5) D:8
  Swamp (0/4) Lair:3        Snake (0/4) Lair:2        Slime (0/5) Lair:5
    Orc (0/2) D:11         Vaults (0/5) D:13        Ossuary (visited)
Gauntlet (visited)
 Depths: D:15

Altars:
Dithmenos
Hepliaklqana
Makhleb
Nemelex Xobeh
Okawaru
Sif Muna
Vehumet
Yredelemnul
Zin
Jiyva

Shops:
D:7 [[?[   D:13 ((*[

Portals:
Hell: Lair:5
Bazaar: D:15

Annotations:
D:15 Louise


Innate Abilities, Weirdness & Mutations

You are immune to sickness and miasma.
Your stone body is resilient. (AC +12)
You are immune to poison.
Your large and strong wings let you fly.
You resist negative energy. (rN+)
You are resistant to electric shocks. (rElec)
You are resistant to unholy torment.
You are immune to petrification.
You are partially covered in iridescent scales. (AC +2)
Your body sometimes deteriorates upon taking damage.
Your flesh is heat resistant. (rF+)
Your spells are a little easier to cast, but a little less powerful.
[You are very clumsy. (Dex -4)]
[You are dopey. (Int -2)]
[You are very frail. (-20% HP)]
[You are weak. (Str -2)]
[You occasionally lose the ability to drink potions when taking damage.]
[You sometimes lose the ability to read scrolls when taking damage.]


Message History

You hit the bone dragon.
The bone dragon is lightly damaged.
The bone dragon bites you! The bone dragon claws you.
You block the bone dragon's attack.
Unknown command.
You hit the bone dragon but do no damage.
The bone dragon is lightly damaged.
Your ogre hits the bone dragon with a +0 giant club!!!
The bone dragon bites your ogre! The bone dragon claws your ogre!
The bone dragon tramples your ogre!!
Your ogre holds its ground!
Your ogre dies!
Your ogre's corpse disappears in a puff of smoke!
You barely miss the bone dragon.
The bone dragon is moderately damaged.
Unknown command.
You hit the bone dragon.
The bone dragon is moderately damaged.
The bone dragon bites you!
* * * LOW HITPOINT WARNING * * *
The bone dragon completely misses you. The bone dragon misses you.
Unknown command.
Your ogre goes berserk!
You can no longer call in reinforcements.
The bone dragon bites you!
* * * LOW HITPOINT WARNING * * *
You block the bone dragon's attack.
The bone dragon tramples you but does no damage.
Unknown command.
You cannot drink potions in your current state!
You slash the bone dragon!
The bone dragon is moderately damaged.
The orange demon closely misses you.
Unknown command.
You barely miss the bone dragon.
The bone dragon is moderately damaged.
The bone dragon bites you!
* * * LOW HITPOINT WARNING * * *
Your body deteriorates!
You feel dopey. The bone dragon claws you.
You die...

.. .# ########
.......# #.
###.#....### # #
#####..........§ #.
#
........O.........
. .......@........
. ..
........D...... _..
....##..4...##.. .
##
....##......##.....
## ........._.... .
..
.....#...........
.. #....#.#......#
#... ..... .
....#.. # . ......
.. ..... . .


You could see a bone dragon (ally target), an orange demon and a friendly ogre
(summoned, berserk).

Vanquished Creatures
  Rupert (D:15)
  Frances (D:13)
  Gastronok (D:10)
  Azrael (D:15)
  A yaktaur captain (D:11)
  7 hydras
  Harold (Lair:1)
  An ogre mage (D:15)
  A catoblepas (Lair:4)
  7 centaur warriors
  4 two-headed ogres
  11 death yaks
  4 boulder beetles
  A death scarab (Gauntlet)
  Sonja (Lair:4)
  The ghost of haldagan the Slicer, a journeyman VSBr of Okawaru (D:9)
  A wretched star (Abyss:3)
  2 skysharks
  A sun demon (Lair:5)
  3 skeletal warriors (D:13)
  A bog body (Lair:3)
  An arcanist (Lair:5)
  A spectral hydra (Gauntlet)
  6 cyclopes
  A wolf spider (D:11)
  A salamander (Lair:2)
  9 ugly things
  A spectral centaur (D:9)
  A moth of wrath (shapeshifter) (D:13)
  23 elephants
  3 black mambas
  An orange demon (Lair:5)
  12 cane toads
  2 torpor snails (Lair:1)
  2 gargoyles
  A large abomination (Abyss:3)
  6 rime drakes
  4 unseen horrors
  3 freezing wraiths
  A kobold demonologist (D:11)
  2 efreet
  7 komodo dragons
  3 ice devils
  3 tengu conjurers
  A hellwing (Lair:5)
  2 red devils (Lair:5)
  A queen bee (shapeshifter) (D:13)
  4 trolls
  2 wolf spider simulacra (D:13)
  16 blink frogs
  19 dream sheep
  A jumping spider (shapeshifter) (D:13)
  14 slime creatures
  6 centaur simulacra
  7 wyverns
  6 wraiths
  68 yaks
  A vampire (D:12)
  A ynoxinul (Abyss:3)
  7 fire elementals
  A steam dragon (Lair:3)
  4 basilisks
  Menkaure (D:6)
  11 vampire mosquitoes
  3 acid dragons
  A naga (Lair:2)
  24 water moccasins
  10 hell hounds
  Duvessa (D:6)
  6 orc warriors
  2 meliai simulacra
  2 sky beasts (D:6)
  4 black bears
  An ice beast (D:5)
  3 ogres
  5 boggarts (D:13)
  7 centaurs
  12 wolves
  A phantom (D:4)
  17 bullfrogs
  13 kobold brigands
  A wyvern zombie (Ossuary)
  A gnoll sergeant (D:10)
  2 scorpions
  4 water moccasin zombies (Ossuary)
  16 wights
  Dowan (D:6)
  9 howler monkeys
  4 killer bees (D:9)
  2 electric eels (Lair:3)
  10 centaur zombies
  2 hounds (D:5)
  2 jellies
  A wyvern simulacrum (Gauntlet)
  6 bullfrog zombies (Ossuary)
  A gnoll bouda (D:5)
  6 orc priests
  A sleepcap (D:7)
  Jessica (D:3)
  2 iguanas
  5 orc wizards
  A boggart simulacrum (D:13)
  2 howler monkey zombies (Ossuary)
  9 mummies (Ossuary)
  12 gnolls
  4 adders
  2 shadow imps (D:6)
  2 white imps
  4 ufetubi (D:6)
  4 worms
  5 dart slugs
  37 orcs
  10 endoplasms
  6 giant cockroaches
  8 goblins
  9 hobgoblins
  4 quokkas
  6 ball pythons
  4 bats
  4 frilled lizards
  43 kobolds
  5 rats
  A spectral orc (D:12)
  A butterfly (Lair:3)
691 creatures vanquished.

Vanquished Creatures (collateral kills)
  A tentacled starspawn (Abyss:3)
  A minotaur (Gauntlet)
  The ghost of Hymp the Nimble, a journeyman DgHW (D:13)
  A hell hound (Lair:5)
  An orc warrior (D:7)
  An orc priest (D:7)
  An orc (D:7)
  A butterfly (Lair:3)
  3 starspawn tentacles (Abyss:3)
11 creatures vanquished.

Vanquished Creatures (others)
  An unseen horror (D:11)
  A wolf (Lair:4)
  2 starspawn tentacles (Abyss:3)
4 creatures vanquished.

Grand Total: 706 creatures vanquished

Notes
Turn   | Place    | Note
-------+----------+-------------------------------------------
     0 | D:1      | Gargoyl the Gargoyle Berserker began the quest for the Orb.
     0 | D:1      | Reached XP level 1. HP: 14/14 MP: 1/1
   162 | D:1      | Reached XP level 2. HP: 19/19 MP: 2/2
   228 | D:1      | Reached skill level 3 in Axes
   825 | D:1      | Reached XP level 3. HP: 20/24 MP: 3/3
  1546 | D:2      | Reached ** piety under Trog
  2000 | D:2      | Reached XP level 4. HP: 29/29 MP: 4/4
  2348 | D:3      | Noticed Jessica
  2354 | D:3      | Killed Jessica
  2590 | D:3      | Reached skill level 4 in Axes
  2590 | D:3      | Reached XP level 5. HP: 33/33 MP: 5/5
  2764 | D:3      | Found a burning altar of Makhleb.
  3294 | D:4      | Noticed an orc warrior
  3398 | D:4      | Noticed a phantom
  3419 | D:4      | Killed a phantom
  3420 | D:4      | Reached XP level 6. HP: 38/38 MP: 6/6
  4028 | D:4      | Reached *** piety under Trog
  4055 | D:4      | Reached skill level 5 in Axes
  4059 | D:4      | Identified the +7 sling of Chaos {freeze, rPois Int+4}
  4451 | D:4      | Killed an orc warrior
  4452 | D:4      | Reached XP level 7. HP: 43/44 MP: 7/7
  4634 | D:5      | Entered Level 5 of the Dungeon
  4907 | D:5      | Reached skill level 6 in Axes
  5014 | D:5      | Reached skill level 5 in Armour
  5818 | D:6      | Reached XP level 8. HP: 38/48 MP: 8/8
  5930 | D:6      | Noticed Menkaure
  5937 | D:6      | Reached skill level 5 in Fighting
  5940 | D:6      | Killed Menkaure
  5941 | D:6      | Reached skill level 1 in Stealth
  5998 | D:6      | Reached skill level 7 in Axes
  6239 | D:6      | Noticed Duvessa
  6246 | D:6      | Noticed Dowan
  6254 | D:6      | Killed Duvessa
  6256 | D:6      | Killed Dowan
  6261 | D:6      | Reached XP level 9. HP: 54/54 MP: 9/9
  6271 | D:6      | Found a glowing silver altar of Zin.
  6311 | D:6      | Reached skill level 8 in Axes
  6427 | D:6      | Found a basalt altar of Yredelemnul.
  6427 | D:6      | Found an iron altar of Okawaru.
  6461 | D:6      | Found a shimmering blue altar of Sif Muna.
  6503 | D:6      | Found a shadowy altar of Dithmenos.
  6561 | D:6      | Reached **** piety under Trog
  6965 | D:7      | Found Laung's Antique Armour Emporium.
  6975 | D:7      | Found a staircase to the Ecumenical Temple.
  7041 | D:7      | Reached skill level 9 in Axes
  7182 | D:7      | Found Lanyze's Magic Scroll Boutique.
  7190 | D:7      | Bought a scroll of teleportation for 39 gold pieces
  7190 | D:7      | Bought a scroll of fear for 52 gold pieces
  7190 | D:7      | Bought a scroll of blinking for 97 gold pieces
  7190 | D:7      | Bought a scroll of summoning for 123 gold pieces
  7239 | D:7      | Found a sand-covered staircase.
  7336 | Ossuary  | Entered an ossuary
  7566 | Ossuary  | Reached XP level 10. HP: 62/63 MP: 10/10
  8101 | D:7      | Noticed an animated shadow dragon scales
  8103 | D:7      | Found Vebeat's Armour Emporium.
  8104 | D:7      | Noticed an animated shadow dragon scales
  8119 | D:7      | Reached skill level 10 in Axes
  8201 | D:7      | Found Egen's Armour Emporium.
  8604 | D:8      | Identified a scroll of acquirement
  8604 | D:8      | Acquired a manual of Axes
  8789 | D:8      | Found a sparkling altar of Nemelex Xobeh.
  8925 | D:8      | Found a staircase to the Lair.
  9046 | D:8      | Reached skill level 11 in Axes
  9058 | D:8      | Reached ***** piety under Trog
  9153 | D:8      | Found a hazy altar of Hepliaklqana.
  9617 | D:9      | Reached XP level 11. HP: 69/69 MP: 11/11
  9641 | D:9      | Found a radiant altar of Vehumet.
  9675 | D:9      | Found a runed translucent gate.
  9675 | D:9      | Found a runed translucent gate.
  9675 | D:9      | Found a runed translucent gate.
  9682 | D:9      | Noticed haldagan's ghost (journeyman VSBr)
  9693 | D:9      | Reached skill level 12 in Axes
 10199 | D:9      | Killed haldagan's ghost
 10200 | D:9      | Reached skill level 13 in Axes
 10286 | D:11     | Identified the "Vorix"
 10286 | Lair:1   | Entered Level 1 of the Lair of Beasts
 10521 | Lair:1   | Reached skill level 14 in Axes
 10932 | Lair:1   | Reached skill level 10 in Fighting
 11184 | Lair:1   | Reached XP level 12. HP: 74/77 MP: 12/12
 11195 | Lair:1   | Noticed a death yak
 11212 | Lair:1   | Killed a death yak
 11213 | Lair:1   | Reached skill level 10 in Armour
 11525 | Lair:1   | Noticed Harold
 11602 | Lair:1   | Killed Harold
 12054 | Lair:2   | Noticed a skyshark
 12073 | Lair:2   | Killed a skyshark
 12074 | Lair:2   | Reached skill level 15 in Axes
 12416 | Lair:2   | Reached skill level 5 in Dodging
 13046 | Lair:2   | Found a staircase to the Snake Pit.
 13361 | Lair:3   | Noticed a death yak
 13361 | Lair:3   | Noticed a death yak
 13361 | Lair:3   | Noticed a death yak
 13361 | Lair:3   | Noticed a death yak
 13361 | Lair:3   | Noticed a death yak
 13382 | Lair:2   | Killed a death yak
 13387 | Lair:2   | Killed a death yak
 13461 | Lair:2   | Killed a death yak
 13462 | Lair:2   | Reached XP level 13. HP: 67/85 MP: 13/13
 13587 | Lair:3   | Reached skill level 16 in Axes
 15164 | Lair:3   | Found a staircase to the Swamp.
 15390 | Lair:4   | Noticed Sonja
 15416 | Lair:4   | Killed Sonja
 15506 | Lair:4   | Gained mutation: Your large and strong wings let you fly.
                  | [Gargoyle growth]
 15506 | Lair:4   | Reached XP level 14. HP: 94/94 MP: 14/14
 15873 | Lair:4   | Reached skill level 1 in Polearms
 16573 | Lair:5   | Identified the "Vebuuh"
 16573 | Lair:5   | Entered Level 5 of the Lair of Beasts
 16649 | Lair:5   | Reached skill level 1 in Shields
 17153 | Lair:5   | Reached skill level 17 in Axes
 17546 | Lair:5   | Gained mutation: Your spells are a little easier to cast,
                  | but a little less powerful. [potion of mutation]
 17546 | Lair:5   | Gained mutation: You are partially covered in iridescent
                  | scales. (AC +2) [potion of mutation]
 17546 | Lair:5   | Gained mutation: Your body sometimes deteriorates upon
                  | taking damage. [potion of mutation]
 17546 | Lair:5   | Gained mutation: Your flesh is heat resistant. (rF+)
                  | [potion of mutation]
 17667 | Lair:5   | Found a staircase to the Slime Pits.
 17667 | Lair:5   | Found a viscous altar of Jiyva.
 18352 | Lair:5   | Found a burning altar of Makhleb.
 18375 | Lair:5   | Found a gateway to Hell.
 18815 | D:10     | Entered Level 10 of the Dungeon
 18908 | D:10     | Reached XP level 15. HP: 90/101 MP: 15/15
 18950 | D:10     | Reached skill level 15 in Fighting
 19102 | D:10     | Received a gift from Trog
 19290 | D:10     | Noticed Gastronok
 19321 | D:10     | Killed Gastronok
 19928 | D:11     | Identified the +12 long sword of the Tooth {freeze, rC+
                  | Str+4}
 20201 | D:11     | Found a staircase to the Orcish Mines.
 20502 | D:11     | Reached skill level 5 in Shields
 20893 | D:12     | Received a gift from Trog
 21396 | D:12     | Found a basalt altar of Yredelemnul.
 21540 | D:13     | Found a runed translucent gate.
 21541 | D:13     | Found a runed translucent gate.
 21542 | D:13     | Found a runed translucent gate.
 21578 | D:13     | Found Usoehop's Antique Weapon Shop.
 21617 | D:13     | Noticed Hymp's ghost (journeyman DgHW)
 21638 | D:13     | Found a gate leading to a gauntlet.
 21651 | Gauntlet | Entered a Gauntlet
 21651 | Gauntlet | Found a transporter.
 21651 | Gauntlet | Found a transporter.
 21651 | Gauntlet | Found a transporter.
 21672 | Gauntlet | Found a transporter.
 21672 | Gauntlet | Found a transporter.
 21789 | Gauntlet | Found a transporter.
 21789 | Gauntlet | Found a transporter.
 21822 | Gauntlet | Found a transporter.
 21901 | Gauntlet | Identified the +5 battleaxe "Bosor" {freeze, Will+}
 21940 | D:13     | Found Qixafie's General Store.
 22099 | D:13     | Found Reurexu's Weapon Emporium.
 22270 | D:13     | Found Uced's Antique Armour Shoppe.
 22375 | D:13     | Identified the +2 scale mail of Xom's Regard {-Cast Harm
                  | rPois Stlth+}
 22421 | D:13     | Found a gate to the Vaults.
 22529 | D:13     | Noticed Frances
 22551 | D:13     | Killed Frances
 22552 | D:13     | Reached skill level 18 in Axes
 22989 | D:13     | Received a gift from Trog
 23023 | D:13     | Killed Hymp's ghost
 23088 | D:13     | Got the ring "Ihetuon" {Fire rPois Will- Str+2}
 23494 | D:14     | Reached XP level 16. HP: 110/110 MP: 16/16
 24068 | D:13     | Bought a scroll of brand weapon for 152 gold pieces
 24328 | D:15     | Entered Level 15 of the Dungeon
 24330 | D:15     | Noticed Azrael
 24372 | D:15     | Killed Azrael
 24633 | D:15     | Noticed Rupert
 24659 | D:15     | Killed Rupert
 24679 | D:15     | Found a flickering gateway to a bazaar.
 24750 | D:15     | Noticed Louise
 24771 | Abyss:3  | Cast into level 3 of the Abyss (Louise)
 24773 | Abyss:3  | Found a corrupted altar of Lugonu.
 24776 | Abyss:3  | Found a corrupted altar of Lugonu.
 24839 | Abyss:3  | Noticed a bone dragon
 24856 | Abyss:3  | Noticed a tentacled starspawn
 24860 | Abyss:3  | Killed a tentacled starspawn
 24869 | Abyss:3  | HP: 3/89 [bone dragon (15)]
 24869 | Abyss:3  | Slain by a bone dragon

Illustrated notes

Levels and vault maps discovered:
D:1:      onia_arrival_mini_spirals, layout_loops_corners, serial_aquarium,
          aquarium_bridge_square [aquarium_subvault_bridge,
          aquarium_subvault_bridge, aquarium_subvault_window,
          aquarium_subvault_wall], aquarium_window_1,
          aquarium_window_corridor_2, aquarium_view_2d, aquarium_balcony_3a,
          chequers_serial_rivers_micro_c
D:2:      layout_basic
D:3:      layout_loops_cross, lemuel_doored_altar, bh_walls_and_bars,
          uniq_jessica
D:4:      kennysheep_kobold_camp, layout_layer_cave, minivault_27
D:5:      layout_cave_pods, serial_bayou_lagoon_b
D:6:      layout_basic, mainiacjoe_overflow_cross_hatched, old_standard_altar,
          mainiacjoe_overflow_divided_tiny, grunt_dithmenos_smoke, nrook_uturn,
          hangedman_abyss_or_decor_stagger, uniq_duvessa, uniq_menkaure
D:7:      layout_basic, temple_fountains, nicolae_ossuary_entry_false_entrances,
          serial_shops, nicolae_shop_statue_plus, shop,
          nicolae_shop_advertising_works [nicolae_subvault_shop_adworks],
          nicolae_shop_mannequins
D:8:      layout_basic, overflow_temple_1_default, lemuel_round_altar,
          due_lair_maze_entry_diamond
D:9:      layout_big_octagon, kennysheep_mini_moat, gammafunk_ghost_necromancy
D:10:     layout_cave_pools, uniq_gastronok
D:11:     layout_cave_pools, hiddenorc1_lemuel, special_room
          [special_room_kobold], minmay_evil_grid
D:12:     layout_rooms, yredelemnul_forgotten_temple_becter
D:13:     layout_loops_ring, david_vaults_2, gauntlet_entry_generic,
          serial_shops, shop, shop, nicolae_shop_tiny_statue_garden, shop,
          gammafunk_ghost_icy, small_chamber_with_monster, uniq_frances
D:14:     layout_loops_corners, nicolae_two_hexagons
D:15:     gammafunk_enter_depths_forms, layout_basic, serial_shops,
          bzr_entry_road, serial_bayou_shore_b, uniq_louise, uniq_azrael,
          uniq_rupert
Lair:1:   layout_cave_pods, uniq_harold
Lair:2:   layout_roguey, alex1729_snake_entry_snake, serial_rivers,
          chequers_serial_rivers_micro_e, chequers_serial_rivers_small_a,
          chequers_serial_rivers_marsh, chequers_serial_rivers_small_a,
          chequers_serial_rivers_small_a, chequers_serial_rivers_room_a,
          dreamdust_mushroom_princess, infiniplex_staircase_pool_2
Lair:3:   layout_cave_pods, nicolae_swamp_entry_splash_gauntlet, st_stairs_4,
          lemuel_fruit_fields, grunt_megastairs_1
Lair:4:   layout_regular_city, uniq_sonja
Lair:5:   evil_forest, layout_gridlike, slime_entry_1, lemuel_fruit_fields
Abyss:3:  base:
D:13

Skill      XL: |  1  2  3  4  5  6  7  8  9 10 11 12 13 14 15 |
---------------+----------------------------------------------+-----
Axes           | 3 4 5 6 7 9 11 14 15 16 17 18 | 18.4
Fighting       | 4 5 7 8 10 11 13 14 16 | 16.9
Armour         | 3 4 5 6 7 8 9 11 12 13 14 | 14.6
Dodging        | 2 3 4 5 6 7 |  7.6
Stealth        | 1 3 4 |  4.4
Polearms       | 2 |  2.8
Shields        | 4 6 |  6.6

Action                     |  1- 3 |  4- 6 |  7- 9 | 10-12 | 13-15 | 16-18 || total
---------------------------+-------+-------+-------+-------+-------+-------++-------
  Melee: Hand axe          |   134 |   240 |   508 |  1006 |  1587 |   301 ||  3776
         Punch             |     1 |     2 |     9 |    22 |    28 |     8 ||    70
         Spear             |       |       |       |       |    62 |       ||    62
  Throw: Dart              |       |       |       |       |     1 |       ||     1
 Invoke: Berserk           |     1 |     4 |     7 |    15 |    21 |     3 ||    51
         Trog's Hand       |       |     3 |     2 |     6 |    15 |     4 ||    30
         Brothers in Arms  |       |       |     1 |       |     4 |     2 ||     7
    Use: Scroll            |     3 |     1 |     6 |     8 |    17 |     1 ||    36
         Potion            |       |       |       |       |     1 |     2 ||     3
   Stab: Distracted        |       |       |       |     1 |       |       ||     1
         Petrified         |       |       |       |       |    15 |       ||    15
         Petrifying        |       |       |       |       |     1 |       ||     1
 Armour: Chain mail        |    80 |   163 |   350 |   670 |  1052 |   186 ||  2501
         Animal skin       |     6 |       |       |       |       |       ||     6
  Dodge: Dodged            |    76 |   135 |   482 |   724 |  1202 |   151 ||  2770
  Block: Other             |       |       |       |       |   231 |    36 ||   267
         Reflection        |       |       |       |       |     5 |     2 ||     7

Table legend: (Time is in decaauts)
 A = Elapsed time spent in this place.
 B = Non-inter-level travel time spent in this place.
 C = Inter-level travel time spent in this place.
 D = Time resting spent in this place.
 E = Time spent auto-exploring this place.
 F = Levels seen in this place.
 G = Mean time per level.
                   A        B        C        D        E       F      G
               +--------+--------+--------+--------+--------+-----+--------+
         Total |  24235 |  23356 |    879 |   1413 |  16080 |  23 | 1053.7 |
       Dungeon |  15333 |  14621 |    712 |    715 |  10392 |  15 | 1022.2 |
          Lair |   7981 |   7814 |    167 |    568 |   5479 |   5 | 1596.2 |
         Abyss |     86 |     86 |      0 |      0 |     14 |   1 |   86.0 |
       Ossuary |    573 |    573 |      0 |     10 |    176 |   1 |  573.0 |
      Gauntlet |    261 |    261 |      0 |    120 |     18 |   1 |  261.0 |
               +--------+--------+--------+--------+--------+-----+--------+

Top non-repeatable levels by time:
  Lair:5: 1962 daAuts
  Lair:3: 1781 daAuts
  Lair:1: 1610 daAuts
  Lair:2: 1493 daAuts
     D:4: 1425 daAuts
    D:13: 1388 daAuts
     D:7: 1240 daAuts
     D:1: 1230 daAuts
     D:5: 1200 daAuts
     D:2: 1146 daAuts
  Lair:4: 1133 daAuts
    D:14: 1070 daAuts
     D:8: 1049 daAuts
     D:6: 1007 daAuts
     D:3: 920 daAuts
